 Dungeon Sprint DCSS version 0.22.0-75-g3901e7991e (webtiles) character file.

2271 Quolop the Imperceptible (level 9, -9/39 HPs)
             Began as a Spriggan Earth Elementalist on Sept 13, 2018.
             Was a Believer of Dithmenos.
             Mangled by a deep troll (21 damage)
             ... in the Dungeon (Sprint I: "Red Sonja").
             The game lasted 00:04:17 (567 turns).

Quolop the Imperceptible (SpEE)                      Turns: 567, Time: 00:04:17

Health: -9/39      AC:  2    Str:  4    XL:     9   Next: 16%
Magic:  17/21      EV: 25    Int: 17    God:    Dithmenos [**....]
Gold:   657        SH:  0    Dex: 19    Spells: 13/23 levels left

rFire    . . .     SeeInvis +   a - +0 dagger
rCold    . . .     Gourm    .   (shield restricted)
rNeg     . . .     Faith    .   c - +0 robe
rPois    .         Spirit   .   (helmet restricted)
rElec    .         Reflect  .   (no cloak)
rCorr    .         Harm     .   (gloves unavailable)
MR       +....     NoTele   +   (boots unavailable)
Stlth    ++++++++++             (no amulet)
HPRegen  0.13/turn              (no ring)
MPRegen  0.17/turn              (no ring)

@: wreathed by umbra, very quick
A: very small, unfitting armour, see invisible, herbivore, speed 3, slow
metabolism 2
a: Shadow Step, Renounce Religion


You were in the Dungeon.
You worshipped Dithmenos.
Dithmenos was pleased with you.
You were not hungry.

You visited 1 branch You collected 657 gold pieces.

Inventory:

Hand Weapons
 a - a +0 dagger (weapon)
 k - a +1 short sword of venom
Missiles
 b - 45 stones (quivered)
Armour
 c - a +0 robe (worn)
Wands
 i - a wand of iceblast (11)
Scrolls
 j - a scroll of blinking
Potions
 e - 2 potions of curing
 f - a potion of heal wounds
 g - a potion of haste
 h - 2 potions of magic
Comestibles
 d - a ration


   Skills:
 * Level 6.5 Short Blades
 * Level 8.9 Dodging
 + Level 21.7 Stealth
 + Level 7.8 Spellcasting
 + Level 4.9 Transmutations
 + Level 8.1 Earth Magic


You had 13 spell levels left.
You knew the following spells:

 Your Spells              Type           Power        Failure   Level  Hunger
a - Sandblast             Erth           ####..       1%          1    None
b - Passwall              Tmut/Erth      ####....     1%          2    None
c - Petrify               Tmut/Erth      ####....     8%          4    ###....
d - Stone Arrow           Conj/Erth      ###...       6%          3    #......

Your spell library contained the following spells:

 Spells                   Type           Power        Failure   Level  Hunger
 Lee's Rapid Deconstruct  Erth           ####......   11%         5    #####..


Dungeon Overview and Level Annotations

Branches:
Dungeon (1/1)

Altars:
Cheibriados
Dithmenos
Elyvilon
Fedhas
Gozag
Hepliaklqana
Kikubaaqudgha
Makhleb
Nemelex Xobeh
Okawaru
Qazlal
Ru
Sif Muna
Trog
Uskayaw
Vehumet
Wu Jian
Xom
Yredelemnul
Zin
The Shining One
Jiyva
Lugonu

Shops:
D =!


Innate Abilities, Weirdness & Mutations

You are very small and have problems with some larger weapons.
You are too small for most types of armour.
You have supernaturally acute eyesight. (SInv)
You are a herbivore.
You cover ground extremely quickly.
You need to consume almost no food.


Message History

The deep troll barely misses you.
You hit the deep troll but do no damage.
You hit the deep troll but do no damage.
The deep troll completely misses you. The deep troll claws you.
The deep troll claws you!
You hit the deep troll but do no damage.
The deep troll closely misses you. The deep troll completely misses you.
The deep troll claws you!
Casting: Passwall (safe; 1% risk of failure)
Confirm with . or Enter, or press ? or * to list all spells.
Okay, then.
Casting: Passwall (safe; 1% risk of failure)
Confirm with . or Enter, or press ? or * to list all spells.
Aiming: Petrify (safe; 8% risk of failure)
Press: ? - help, Shift-Dir - straight line, f - deep troll
Aim: a deep troll (umbra, chance to defeat MR: 39%)
The deep troll resists with some effort.
The deep troll bites you!!
Ouch! That really hurt!
You die...

#..#####'#####'#__####)..+
#§# #..####..#...#(####
##### +.# #..#__####..##.#
### #..#_____##'#_.+
#⌠⌠#_.∩..÷'..._#
####_..__##_.#'#
#_____###+#)#
############.####+###
#∩........'...'@T.$$+
###++++####.).#######
##.## #+#


You could see a deep troll.

Vanquished Creatures
  Sonja (D)
  A lindwurm (D)
  2 kobold demonologists (D)
  A slime creature (D)
  Sigmund (D)
  A yak (D)
  A floating eye (D)
  An ogre (D)
  A jelly (D)
  Ijyb (D)
11 creatures vanquished.

Notes
Turn   | Place    | Note
-------+----------+-------------------------------------------
     0 | D        | Quolop the Spriggan Earth Elementalist began the quest for
                  | the Orb.
     0 | D        | Reached XP level 1. HP: 9/9 MP: 5/5
     2 | D        | Noticed Ijyb
    13 | D        | Killed Ijyb
    13 | D        | Reached skill level 9 in Stealth
    13 | D        | Reached XP level 2. HP: 13/13 MP: 0/6
    71 | D        | Learned a level 2 spell: Passwall
   106 | D        | Noticed an ogre
   106 | D        | Killed an ogre
   106 | D        | Reached skill level 13 in Stealth
   106 | D        | Reached XP level 3. HP: 16/16 MP: 5/8
   106 | D        | Reached XP level 4. HP: 21/21 MP: 5/9
   112 | D        | Learned a level 4 spell: Petrify
   150 | D        | Found a stormy altar of Qazlal.
   150 | D        | Found a blossoming altar of Fedhas.
   150 | D        | Found a bloodstained altar of Trog.
   150 | D        | Found an iron altar of Okawaru.
   150 | D        | Found a glowing golden altar of the Shining One.
   150 | D        | Found Vilupica's Distillery.
   150 | D        | Found a glowing silver altar of Zin.
   150 | D        | Found an ancient bone altar of Kikubaaqudgha.
   150 | D        | Found a white marble altar of Elyvilon.
   150 | D        | Found a hazy altar of Hepliaklqana.
   150 | D        | Found a hide-covered altar of Uskayaw.
   150 | D        | Found a basalt altar of Yredelemnul.
   150 | D        | Found a sparkling altar of Nemelex Xobeh.
   150 | D        | Found an opulent altar of Gozag.
   150 | D        | Found a snail-covered altar of Cheibriados.
   150 | D        | Found a sacrificial altar of Ru.
   150 | D        | Found a shadowy altar of Dithmenos.
   150 | D        | Noticed a yak
   150 | D        | Killed a yak
   150 | D        | Reached skill level 17 in Stealth
   150 | D        | Reached XP level 5. HP: 24/24 MP: 7/10
   158 | D        | Became a worshipper of Dithmenos the Shadowed
   181 | D        | Found a deep blue altar of Sif Muna.
   181 | D        | Found a radiant altar of Vehumet.
   181 | D        | Found an ornate altar of the Wu Jian Council.
   184 | D        | Reached skill level 18 in Stealth
   184 | D        | Reached XP level 6. HP: 28/28 MP: 11/11
   189 | D        | Learned a level 3 spell: Stone Arrow
   236 | D        | Noticed Sigmund
   236 | D        | Killed Sigmund
   236 | D        | Reached skill level 20 in Stealth
   255 | D        | Found a viscous altar of Jiyva.
   255 | D        | Found a corrupted altar of Lugonu.
   255 | D        | Found a burning altar of Makhleb.
   255 | D        | Found a shimmering altar of Xom.
   255 | D        | Noticed a slime creature
   255 | D        | Killed a slime creature
   255 | D        | Reached * piety under Dithmenos
   255 | D        | Reached XP level 7. HP: 32/32 MP: 9/14
   304 | D        | Noticed a kobold demonologist
   304 | D        | Noticed a kobold demonologist
   304 | D        | Killed a kobold demonologist
   304 | D        | Reached skill level 5 in Dodging
   304 | D        | Reached skill level 5 in Spellcasting
   304 | D        | Reached skill level 5 in Earth Magic
   305 | D        | Reached XP level 8. HP: 36/36 MP: 12/17
   307 | D        | Killed a kobold demonologist
   307 | D        | Reached ** piety under Dithmenos
   367 | D        | Noticed a lindwurm
   369 | D        | Killed a lindwurm
   369 | D        | Reached skill level 5 in Short Blades
   369 | D        | Reached skill level 21 in Stealth
   519 | D        | Noticed Sonja
   519 | D        | Killed Sonja
   519 | D        | Reached XP level 9. HP: 39/39 MP: 17/21
   538 | D        | Found Tahuj's Jewellery Boutique.
   558 | D        | Noticed a deep troll
   567 | D        | Mangled by a deep troll

Skill      XL: |  1  2  3  4  5  6  7  8 |
---------------+-------------------------+-----
Stealth        | 9 13 17 18 20 21 | 21.7
Short Blades   | 2 4 6 |  6.5
Dodging        | 4 6 8 |  8.9
Spellcasting   | 4 5 7 |  7.8
Transmutations | 2 3 4 |  4.9
Earth Magic    | 4 5 8 |  8.1

Action                   |  1- 3 |  4- 6 |  7- 9 || total
-------------------------+-------+-------+-------++-------
Melee: Unarmed           |     5 |       |       ||     5
       Dagger            |     1 |     4 |    11 ||    16
 Cast: Sandblast         |     4 |       |       ||     4
       Passwall          |     1 |     3 |     6 ||    10
       Petrify           |       |       |     1 ||     1
  Use: Potion            |     1 |       |       ||     1
 Stab: Sleeping          |     1 |     4 |     5 ||    10
Dodge: Dodged            |     5 |       |     8 ||    13
